 Dungeon Crawl Stone Soup version 0.29.1-12-g30fa7ad0bf (webtiles) character file.

Game seed: 12335645620986162193

429 Peloso the Slasher (level 6, -9/53 HPs)
             Began as a Minotaur Fighter on Dec 29, 2022.
             Mangled by an orc warrior
             ... wielding a +0 trident
              (17 damage)
             ... on level 4 of the Dungeon.
             The game lasted 00:07:10 (3576 turns).

Peloso the Slasher (Minotaur Fighter)               Turns: 3576, Time: 00:07:10

Health: -9/53      AC:  9    Str: 21    XL:     6   Next: 66%
Magic:  5/5        EV:  7    Int:  5    God:
Gold:   218        SH:  4    Dex: 11    Spells: 5/5 levels left

rFire   . . .      SeeInvis .   a - +2 falchion (protect)
rCold   . . .      Faith    .   d - +0 buckler
rNeg    . . .      Spirit   .   b - +0 scale mail
rPois   .          Reflect  .   (helmet restricted)
rElec   .          Harm     .   (no cloak)
rCorr   .          Rampage  .   (no gloves)
Will    .....                   f - +1 pair of boots
Stlth   ..........              (no amulet)
HPRegen 0.17/turn               (no ring)
MPRegen 0.09/turn               (no ring)

@: about to teleport, constricted
A: horns 2, retaliatory headbutt
a: no special abilities


You were on level 4 of the Dungeon.
You visited 1 branch of the dungeon, and saw 4 of its levels.
You also visited: Ossuary.

You collected 218 gold pieces.

Inventory:

Hand Weapons
 a - a +2 falchion of protection (weapon)
 c - a +2 short sword of holy wrath
Armour
 b - a +0 scale mail (worn)
 d - a +0 buckler (worn)
 f - a +1 pair of boots (worn)
Scrolls
 e - a scroll of amnesia
 l - a scroll of immolation
 m - a scroll of teleportation
 s - a scroll of identify
 t - a scroll of magic mapping
Potions
 g - 2 potions of curing
 h - a potion of mutation
 j - 4 potions of haste {unknown}
 k - a potion of magic {unknown}
 n - a potion of brilliance {unknown}
 r - a potion of ambrosia {unknown}


   Skills:
 + Level 4.4 Fighting
 + Level 5.6 Long Blades
 + Level 5.2 Armour
 + Level 3.1 Dodging
 + Level 0.7 Stealth
 + Level 4.3 Shields


You had 5 spell levels left.
You didn't know any spells.
Your spell library contained the following spells:

 Spells                   Type           Power      Damage    Failure   Level
 Summon Guardian Golem    Hex/Summ       0%         N/A       99%         3
 Orb of Destruction       Conj           0%         9d5       100%        7
 Spellforged Servitor     Conj/Summ      0%         N/A       100%        7


Dungeon Overview and Level Annotations

Branches:
Dungeon (4/15)            Ossuary (visited)
 Temple: D:4-7

Altars:


Innate Abilities, Weirdness & Mutations

You have a pair of horns on your head.
You reflexively headbutt those who attack you in melee.


Message History

The orc warrior hits you with a +0 trident.
The ball python bites you but does no damage.
The ball python constricts you.
You barely miss the orc warrior. Your headbutt misses the orc warrior.
The orc warrior is heavily wounded.
The ball python bites you. The ball python constricts you.
The orc warrior closely misses you. You block the ball python's attack.
The ball python constricts you.
The orc warrior hits you with a +0 trident.
* * * LOW HITPOINT WARNING * * *
You feel better. You block the ball python's attack.
The ball python constricts you.
The orc warrior hits you with a +0 trident.
You closely miss the orc warrior.
The orc warrior is heavily wounded.
The ball python bites you but does no damage.
The ball python constricts you.
The orc warrior hits you with a +0 trident.
* * * LOW HITPOINT WARNING * * *
Unknown command.
You barely miss the orc warrior.
You headbutt the orc warrior, but do no damage.
The orc warrior is heavily wounded.
The ball python bites you but does no damage.
The ball python constricts you.
The orc warrior hits you with a +0 trident!
* * * LOW HITPOINT WARNING * * *
The ball python bites you but does no damage.
The ball python constricts you.
* * * LOW HITPOINT WARNING * * *
As you read the scroll of teleportation, it crumbles to dust.
You feel strangely unstable. The ball python bites you.
* * * LOW HITPOINT WARNING * * *
The ball python constricts you. The orc warrior barely misses you.
You feel better.
The ball python bites you but does no damage.
The ball python constricts you.
* * * LOW HITPOINT WARNING * * *
The orc warrior hits you with a +0 trident!
You die...

.#......##...##......#
.....................##
...........#.#..##....##
...#........#.#...#...##.
..##..........#.....#.##. ###
##........................
#..##....$................##.#
#.......#.....##..........#..#
#...).###..S@.#..............
###.#))####..o..##...#......##.
#.. #.###........##..###..#..#.
###..##........)........##.......
#...#.................(.#........
#.....................#..........
......#...............#.##.......
#.....#.................#........
#......................>##.......


You could see an orc warrior and a ball python.

Vanquished Creatures
  An ogre (D:4)
  A water moccasin zombie (Ossuary)
  A hound (D:4)
  An orc wizard (D:4)
  2 iguanas (D:4)
  2 mummies (Ossuary)
  6 adders
  An adder zombie (Ossuary)
  A worm (D:3)
  2 dart slugs (D:2)
  2 orcs
  11 ball pythons
  5 endoplasms
  8 giant cockroaches
  4 goblins
  7 hobgoblins
  6 jackals (D:2)
  9 kobolds
  2 quokkas
  5 bats
  3 frilled lizards (D:2)
  5 gnoll zombies (Ossuary)
  7 hobgoblin zombies (Ossuary)
  4 kobold zombies (Ossuary)
  8 orc zombies (Ossuary)
  4 rats
108 creatures vanquished.

Notes
Turn   | Place    | Note
-------+----------+-------------------------------------------
     0 | D:1      | Peloso the Minotaur Fighter began the quest for the Orb.
     0 | D:1      | Reached XP level 1. HP: 19/19 MP: 0/0
   292 | D:1      | Reached XP level 2. HP: 25/27 MP: 1/1
  1070 | D:2      | Reached XP level 3. HP: 33/33 MP: 2/2
  1085 | D:2      | Reached skill level 1 in Dodging
  1538 | D:2      | Reached XP level 4. HP: 40/40 MP: 3/3
  2183 | D:3      | Found a faded altar of an unknown god.
  2764 | D:4      | Noticed an ogre
  2784 | D:4      | Reached XP level 5. HP: 45/46 MP: 4/4
  2790 | D:4      | Killed an ogre
  2799 | D:4      | Reached XP level 6. HP: 13/52 MP: 5/5
  2940 | D:4      | Noticed an orc warrior
  2946 | D:4      | Found a sand-covered staircase.
  2955 | Ossuary  | Entered an ossuary
  3091 | Ossuary  | Reached skill level 5 in Long Blades
  3091 | Ossuary  | Reached skill level 5 in Armour
  3576 | D:4      | Mangled by an orc warrior

Illustrated notes

Levels and vault maps discovered:
D:1:      wheals_arrival_linesprint, layout_loops_cross, minmay_cupped
D:2:      layout_loops_ring, minmay_misc_feat_more_columns, minmay_circle_x
D:3:      layout_loops_cross, chequers_ecumenical_altar_simple
D:4:      layout_cave_pools, serial_shops, shop,
          lightli_ossuary_entry_decrepit_ruins, serial_park_tiny_2

Skill      XL: |  1  2  3  4  5  6 |
---------------+-------------------+-----
Armour         | 4 5 |  5.2
Shields        | 4 |  4.3
Dodging        | 1 2 3 |  3.1
Fighting       | 4 |  4.4
Long Blades    | 3 4 5 |  5.6
Stealth        | |  0.7

Action                   |  1- 3 |  4- 6 || total
-------------------------+-------+-------++-------
Melee: Long sword        |    99 |    89 ||   188
       Headbutt          |    12 |    34 ||    46
       Falchion          |       |    76 ||    76
  Use: Scroll            |       |    12 ||    12
       Potion            |       |     3 ||     3
Armor: Scale mail        |    58 |    84 ||   142
Dodge: Dodged            |    60 |    96 ||   156
Block: Buckler           |    23 |    30 ||    53
